 Dungeon Crawl Stone Soup version 0.22-a0-280-g69bf1f3 (webtiles) character file.

112 b5mith the Skirmisher (level 4, -4/41 HPs)
             Began as a Minotaur Berserker on Mar 16, 2018.
             Was a Believer of Trog.
             Slain by Sigmund
             ... wielding a +0 scythe
              (11 damage)
             ... on level 3 of the Dungeon.
             The game lasted 00:02:03 (921 turns).

b5mith the Skirmisher (Minotaur Berserker)           Turns: 921, Time: 00:02:03

Health: -4/41      AC:  2    Str: 22    XL:     4   Next: 63%
Magic:  3/3        EV: 13    Int:  4    God:    Trog [**....]
Gold:   81         SH:  0    Dex: 10    Spells: 3/3 levels left

rFire    + . .     SeeInvis .   a - +0 falchion
rCold    . . .     Gourm    .   (no shield)
rNeg     . . .     Faith    .   b - +0 animal skin
rPois    .         Spirit   .   (helmet restricted)
rElec    .         Reflect  .   (no cloak)
rCorr    .         Harm     .   (no gloves)
MR       .....                  (no boots)
Stlth    +.........             (no amulet)
HPRegen  0.13/turn              i - ring of protection from fire
MPRegen  0.08/turn              (no ring)

@: confused
A: retaliatory headbutt, horns 2
a: Berserk, Trog's Hand, Renounce Religion


You were on level 3 of the Dungeon.
You worshipped Trog.
Trog was pleased with you.
You were not hungry.

You visited 1 branch of the dungeon, and saw 3 of its levels.

You collected 81 gold pieces.

Inventory:

Hand Weapons
 a - a +0 falchion (weapon)
Armour
 b - a +0 animal skin (worn)
Jewellery
 i - a ring of protection from fire (left hand)
Scrolls
 e - a scroll of remove curse {unknown}
 f - 4 scrolls of identify {unknown}
 h - a scroll of immolation {unknown}
 j - 2 scrolls of blinking {unknown}
 m - a scroll of enchant weapon {unknown}
Potions
 g - 2 potions of agility {unknown}
 k - a potion of degeneration {unknown}
 l - a potion of curing {unknown}
 n - 2 potions of heal wounds {unknown}
Comestibles
 c - a ration
 d - 5 chunks of flesh


   Skills:
 + Level 4.5 Fighting
 + Level 4.5 Long Blades
 + Level 3.6 Armour
 + Level 3.3 Dodging


You had 3 spell levels left.
You didn't know any spells.

Dungeon Overview and Level Annotations

Branches:
Dungeon (3/15)

Altars:
Elyvilon

Annotations:
D:3 Sigmund


Innate Abilities, Weirdness & Mutations

You reflexively headbutt those who attack you in melee.
You have a pair of horns on your head.


Message History

Sigmund shouts!
Sigmund casts a spell at you.
You are confused.
Things that are here:
a trident; an orc skeleton Sigmund casts a spell.
Sigmund flickers and vanishes!
Deactivating autopickup; reactivate with Ctrl-A.
You slash something!
You hear some strange, mumbled words.
A magic dart appears from out of thin air!
The magic dart hits you!
* * * LOW HITPOINT WARNING * * *
You hear some strange, mumbled words.
A puff of flame appears from out of thin air!
The puff of flame misses you. Something hits you!
* * * LOW HITPOINT WARNING * * *
You closely miss something. Your headbutt misses something. Something hits you!
You die...

#.##.####.######
#.##.# #..#####
#.##.# #......#
#.##.###.#.##.# #
#........##.#.# .#
####.###.#.##.##.##
#.# #.##)#.#...##.
#.###....){.......
#.##.....@.#...##
#.............##
######...######
##.## ##


There were no monsters in sight!

Vanquished Creatures
  An orc wizard (D:3)
  4 gnolls (D:2)
  An ooze (D:1)
  2 dart slugs
  4 orcs (D:3)
  A ball python (D:1)
  3 goblins
  2 hobgoblins (D:1)
  3 jackals (D:1)
  2 bats (D:1)
  4 frilled lizards
  3 kobolds (D:1)
  4 rats
34 creatures vanquished.

Notes
Turn   | Place    | Note
-------+----------+-------------------------------------------
     0 | D:1      | b5mith the Minotaur Berserker began the quest for the Orb.
     0 | D:1      | Reached XP level 1. HP: 19/19 MP: 0/0
    83 | D:1      | Reached XP level 2. HP: 24/27 MP: 1/1
   471 | D:2      | Reached XP level 3. HP: 33/33 MP: 2/2
   493 | D:2      | Reached ** piety under Trog
   495 | D:2      | Reached XP level 4. HP: 23/40 MP: 3/3
   733 | D:3      | Found a white marble altar of Elyvilon.
   915 | D:3      | Noticed Sigmund
   921 | D:3      | Slain by Sigmund

Vault maps used:
D:1:      minmay_arrival_stair_chambers
D:2:      first_ration, yredelemnul_altar_generic
D:3:      elyvilon_altar_5, minmay_misc_feat_tiny, nicolae_ashenzari_panopticon,
          uniq_sigmund

Skill      XL: |  1  2  3 |
---------------+----------+-----
Long Blades    | 4 |  4.5
Fighting       | 4 |  4.5
Armour         | 3 |  3.6
Dodging        | 3 |  3.3

Action                   |  1- 3 |  4- 6 || total
-------------------------+-------+-------++-------
Melee: Falchion          |    47 |    20 ||    67
       Headbutt          |    11 |     4 ||    15
Invok: Berserk           |     1 |       ||     1
  Eat: Chunk             |       |     1 ||     1
Armor: Animal skin       |     6 |     1 ||     7
Dodge: Dodged            |    37 |    12 ||    49
       Rpst.: Falchion   |    11 |     2 ||    13

Table legend:
 A = Spawn XP
 B = Non-spawn XP
 C = Spawn XP percentage of total XP
 D = Spawn monster count
 E = Non-spawn monster count
 F = Spawn count percentage of total count
 G = Total turns spent on level
                    A         B        C        D         E        F      G
               +---------+---------+-------+---------+---------+-------+---------
         Total |       0 |     160 |   0.0 |       0 |      34 |   0.0 |   921
               +---------+---------+-------+---------+---------+-------+---------
           D:1 |       0 |      38 |   0.0 |       0 |      20 |   0.0 |   449
           D:2 |       0 |      64 |   0.0 |       0 |       7 |   0.0 |   276
           D:3 |       0 |      58 |   0.0 |       0 |       7 |   0.0 |   196
               +---------+---------+-------+---------+---------+-------+---------
